 Dungeon Crawl Stone Soup version 0.18.1-8-gdd0e5ea (webtiles) character file.

106 urechis the Insei (level 4, -1/23 HPs)
             Began as a Vine Stalker Monk on May 29, 2016.
             Slain by an orc wizard
             ... wielding a +0 dagger
              (3 damage)
             ... on level 3 of the Dungeon.
             The game lasted 00:02:10 (1577 turns).

urechis the Insei (Vine Stalker Monk)               Turns: 1577, Time: 00:02:10

Health: -1/23      AC:  2    Str: 13    XL:     4   Next: 84%
Magic:  0/5        EV: 13    Int: 10    God:
Gold:   165        SH:  0    Dex: 18    Spells: 0 memorised, 3 levels left

rFire  . . .     SeeInvis .       - Unarmed
rCold  . . .     Gourm    .     a - +0 robe
rNeg   . . .     Faith    .     (no shield)
rPois  .         Spirit   +     (no helmet)
rElec  .         Dismiss  .     (no cloak)
rCorr  .         Reflect  .     (no gloves)
SustAt .         Harm     .     (no boots)
MR     .....                    (no amulet)
Stlth  ++........               (no ring)
                                (no ring)

@: not resistant to hostile enchantments, unstealthy
A: fangs 2, regeneration 1, magic shield, antimagic bite, no device heal 3, rot
immunity
a: no special abilities


You were on level 3 of the Dungeon.
You were not hungry.

You visited 1 branch of the dungeon, and saw 3 of its levels.

You collected 165 gold pieces.

Inventory:

Missiles
 l - a throwing net (quivered)
Armour
 a - a +0 robe (worn)
Wands
 m - a wand of flame (29/48)
Scrolls
 c - 2 scrolls of teleportation {unknown}
 f - a scroll of recharging {unknown}
 g - 3 scrolls of identify {unknown}
 h - a scroll of random uselessness {unknown}
 i - a scroll of fog {unknown}
 j - 2 scrolls of remove curse {unknown}
 n - a scroll of enchant weapon {unknown}
Potions
 d - a potion of curing {unknown}
 e - a potion of brilliance {unknown}
 k - 2 potions of heal wounds {unknown}
 p - a potion of cure mutation {unknown}
Comestibles
 b - a bread ration
 o - 5 fruits
 q - 2 chunks of flesh


   Skills:
 - Level 2.6 Fighting
 - Level 2.4 Dodging
 - Level 2.4 Stealth
 + Level 6.0 Unarmed Combat


You had 3 spell levels left.
You didn't know any spells.

Dungeon Overview and Level Annotations

Branches:
Dungeon (3/15)

Altars:
Elyvilon
Fedhas


Innate Abilities, Weirdness & Mutations

You have extremely sharp teeth.
Your natural rate of healing is unusually fast.
When hurt, damage is shared between your health and your magic reserves.
Your bite disrupts and absorbs the magic of your enemies.
Potions and wands cannot restore your health.
You are immune to rotting.


Message History

You hit the orc.
You kill the orc!
You feel less confused.
You hit the orc.
The orc is heavily wounded.
The orc closely misses you.
You punch the orc!
You kill the orc!
Something hits you.
* * * LOW HITPOINT WARNING * * *
The orc hits you with a falchion.
* * * LOW HITPOINT WARNING * * *
You completely miss the orc. Your bite misses the orc. Something hits you.
* * * LOW HITPOINT WARNING * * *
The orc hits you with a falchion.
You closely miss something. Something hits you but does no damage.
You completely miss something. The orc barely misses you.
Something hits you but does no damage.
You hit something. You bite something. The orc misses you. Something hits you.
You die...

#.....# #...# .# ##+#+##
#...# .# ###.#.# #...## .#
..[.#.# #....##.######
##..#.#### #............#
#..#....#####...........#
##.)#....................#
...........#####{o.......#
###........# #@).......#
...........# ###########
####.......# #.......#
#.......# #.......#
#########


You could see an orc.

Vanquished Creatures
  An orc wizard (D:3)
  An adder (D:1)
  An ooze (D:3)
  2 worms (D:3)
  2 dart slugs (D:2)
  A giant gecko (D:2)
  7 orcs (D:3)
  5 bats (D:1)
  6 giant cockroaches
  6 hobgoblins
  A quokka (D:3)
  3 giant newts
  4 goblins (D:1)
  4 kobolds
  6 rats
50 creatures vanquished.

Notes
Turn   | Place    | Note
--------------------------------------------------------------
     0 | D:1      | urechis the Vine Stalker Monk began the quest for the Orb.
     0 | D:1      | Reached XP level 1. HP: 11/11 MP: 2/2
    92 | D:1      | Reached XP level 2. HP: 16/16 MP: 1/3
   398 | D:1      | Reached XP level 3. HP: 17/19 MP: 4/4
   400 | D:1      | Reached skill level 5 in Unarmed Combat
  1014 | D:2      | Found a blossoming altar of Fedhas.
  1252 | D:3      | Reached XP level 4. HP: 6/23 MP: 3/5
  1330 | D:3      | Found a white marble altar of Elyvilon.
  1497 | D:3      | Reached skill level 6 in Unarmed Combat
  1574 | D:3      | HP: 1/23 [something (3)]
  1577 | D:3      | Slain by an orc wizard

Skill      XL: |  1  2  3  4 |
---------------+-------------+-----
Unarmed Combat | 5 6 |  6.0
Fighting       | |  2.6
Dodging        | |  2.4
Stealth        | |  2.4

Action                   |  1- 3 |  4- 6 || total
-------------------------+-------+-------++-------
Melee: Unarmed           |   133 |    39 ||   172
       Bite              |    40 |    13 ||    53
       Punch             |     5 |       ||     5
 Stab: Sleeping          |     6 |     3 ||     9
  Eat: Chunk             |       |     2 ||     2
Armor: Robe              |    28 |     2 ||    30
Dodge: Dodged            |    84 |    14 ||    98
